 Dungeon Crawl Stone Soup version 0.29-a0-82-g837932c90e (webtiles) character file.

Game seed: 16240793785711639645

245294 blackman the Human Cataclysm (level 20, -2/162 HPs)
             Began as a Human Delver on Feb 3, 2022.
             Was a High Priest of Qazlal.
             Killed by divine providence
             ... invoked by a meliai
              (8 damage)
             ... on level 3 of the Spider Nest on Feb 4, 2022.
             The game lasted 03:52:11 (60959 turns).

blackman the Human Cataclysm (Human Delver)        Turns: 60959, Time: 03:52:11

Health: -2/162     AC: 40    Str: 25      XL:     20   Next: 73%
Magic:  30/30      EV:  7    Int: 10 (12) God:    Qazlal [*****.]
Gold:   3966       SH: 23    Dex:  9 (12) Spells: 24/24 levels left

rFire   + . .      SeeInvis .   a - +4 double sword of the Two Names {flame, rElec Str+4 Dex-2}
rCold   + . .      Faith    +   l - +5 kite shield {AC+3}
rNeg    . . .      Spirit   .   i - +4 crystal plate armour
rPois   +          Reflect  .   O - +2 hat
rElec   +          Harm     .   o - scarf {rC+ rF+}
rCorr   .          Rampage  .   r - +1 pair of gloves
Will    +....                   Z - +0 pair of boots {Fly}
Stlth   ..........              f - amulet of faith
HPRegen 0.37/turn               j - ring of poison resistance
MPRegen 0.22/turn               c - +4 ring of protection

@: flying, studying 5 skills, repel missiles
A: low MP 1
}: 1/15 runes: decaying
a: Renounce Religion, Upheaval, Elemental Force, Disaster Area


You were on level 3 of the Spider Nest.
You worshipped Qazlal.
Qazlal was extremely pleased with you.
You visited 7 branches of the dungeon, and saw 34 of its levels.
You visited the Abyss 2 times.
You also visited: Trove and Bailey.

You collected 4136 gold pieces.
You spent 170 gold pieces at shops.

Inventory:

Hand Weapons
 a - the +4 double sword of the Two Names (weapon) {flame, rElec Str+4 Dex-2}
   (You acquired it on level 14 of the Dungeon)

   It burns those it strikes, dealing additional fire damage.
   Big, fiery blades are also staple armaments of hydra-hunters.
   Str:       It affects your strength (+4).
   Dex:       It affects your dexterity (-2).
   rElec:     It insulates you from electricity.
 b - a +4 vorpal hunting sling
Missiles
 m - 187 sling bullets
 t - a throwing net (quivered)
 y - 34 poisoned darts
 H - 2 curare-tipped darts
Armour
 i - a +4 crystal plate armour (worn)
 l - a +5 kite shield of protection (worn)
 o - a scarf of resistance (worn)
 r - a +1 pair of gloves (worn)
 O - a +2 hat (worn)
 Z - a +0 pair of boots of flying (worn)
Jewellery
 c - a +4 ring of protection (right hand)
 f - an amulet of faith (around neck)
 j - a ring of poison resistance (left hand)
 p - a ring of willpower
 M - a +6 ring of strength
Wands
 g - a wand of digging (21)
 h - a wand of flame (49)
 x - a wand of charming (9)
 G - a wand of mindburst (17)
 L - a wand of paralysis (26)
 S - a wand of iceblast (36)
Scrolls
 e - 9 scrolls of fear
 k - a scroll of summoning
 n - 8 scrolls of vulnerability
 v - 4 scrolls of teleportation
 w - 5 scrolls of enchant weapon
 F - 2 scrolls of blinking
 K - 4 scrolls of amnesia
 N - 3 scrolls of silence
 V - 5 scrolls of magic mapping
 Y - 4 scrolls of brand weapon
Potions
 d - 5 potions of mutation
 s - 8 potions of ambrosia
 u - 6 potions of might
 A - 3 potions of haste
 C - 2 potions of berserk rage
 D - a potion of cancellation
 E - 4 potions of curing
 I - 2 potions of magic
 J - 5 potions of lignification
 P - a potion of brilliance
 Q - 3 potions of resistance
 R - 2 potions of flight
 U - 4 potions of invisibility
 X - 4 potions of attraction
Miscellaneous
 q - a phial of floods
 z - a lightning rod (4/4)
 B - a condenser vane


   Skills:
 - Level 15.3 Fighting
 - Level 16.1 Long Blades
 - Level 2.0 Axes
 - Level 14.3 Armour
 - Level 11.0 Dodging
 - Level 5.0 Stealth
 - Level 13.7 Shields
 + Level 2.9 Spellcasting
 * Level 19.1 Invocations


You had 24 spell levels left.
You didn't know any spells.
Your spell library contained the following spells:

 Spells                   Type           Power      Damage    Failure   Level
 Foxfire                  Conj/Fire      4%         2x1d4     100%        1
 Shock                    Conj/Air       4%         1d3       100%        1
 Blink                    Tloc           2%         N/A       100%        2
 Corpse Rot               Necr/Air       2%         N/A       100%        2
 Ensorcelled Hibernation  Hex/Ice        2%         N/A       100%        2
 Passwall                 Tmut/Erth      0%         N/A       100%        2
 Scorch                   Fire           2%         2d5       100%        2
 Searing Ray              Conj           2%         2d4       100%        2
 Sublimation of Blood     Necr           1%         N/A       100%        2
 Gell's Gravitas          Tloc           1%         N/A       100%        3
 Ignite Poison            Fire/Tmut/Pois 1%         N/A       100%        3
 Mephitic Cloud           Conj/Pois/Air  1%         N/A       100%        3
 Ozocubu's Armour         Ice            1%         N/A       100%        3
 Spider Form              Tmut/Pois      1%         N/A       100%        3
 Stone Arrow              Conj/Erth      2%         3d7       100%        3
 Swiftness                Air            1%         N/A       100%        3
 Teleport Other           Tloc           1%         N/A       100%        3
 Tukima's Dance           Hex            1%         N/A       100%        3
 Airstrike                Air            0%         N/A       100%        4
 Anguish                  Hex/Necr       0%         N/A       100%        4
 Animate Armour           Summ/Erth      2%         N/A       100%        4
 Animate Dead             Necr           0%         N/A       100%        4
 Dispel Undead            Necr           1%         3d6       100%        4
 Flame Wave               Conj/Fire      1%         2d4       100%        4
 Hailstorm                Conj/Ice       1%         3d3       100%        4
 Petrify                  Tmut/Erth      1%         N/A       100%        4
 Sticky Flame             Conj/Fire      1%         2d3       100%        4
 Summon Lightning Spire   Summ/Air       1%         N/A       100%        4
 Borgnjor's Vile Clutch   Necr/Erth      0%         N/A       100%        5
 Fireball                 Conj/Fire      0%         3d3       100%        5
 Freezing Cloud           Conj/Ice/Air   0%         6-21      100%        5
 Irradiate                Conj/Tmut      0%         3d14      100%        5
 Lightning Bolt           Conj/Air       0%         1d11      100%        5
 Manifold Assault         Tloc           1%         N/A       100%        5
 Summon Forest            Summ/Tloc      0%         N/A       100%        5
 Death Channel            Necr           0%         N/A       100%        6
 Dispersal                Tloc           0%         N/A       100%        6
 Eringya's Noxious Bog    Tmut/Pois      0%         N/A       100%        6
 Starburst                Conj/Fire      0%         6d3       100%        6
 Summon Cactus Giant      Summ           0%         N/A       100%        6
 Enfeeble                 Hex            0%         N/A       100%        7
 Haunt                    Necr/Summ      0%         N/A       100%        7
 Ozocubu's Refrigeration  Ice            0%         4d5       100%        7
 Storm Form               Tmut/Air       0%         N/A       100%        7
 Summon Hydra             Summ           0%         N/A       100%        7
 Disjunction              Tloc           0%         N/A       100%        8
 Ignition                 Fire           0%         3d3       100%        8
 Infestation              Necr           0%         N/A       100%        8
 Lehudib's Crystal Spear  Conj/Erth      0%         10d2      100%        8


Dungeon Overview and Level Annotations

Branches:
Dungeon (15/15)            Temple (0/1) D:6            Lair (6/6) D:11
  Swamp (4/4) Lair:4       Spider (3/4) Lair:4        Slime (0/5) Lair:6
    Orc (2/2) D:10            Elf (0/3) Orc:2        Vaults (3/5) D:13
  Crypt (0/3) Vaults:3     Depths (1/4) D:15         Bailey (visited)

Altars:
Cheibriados
Qazlal
Trog
Uskayaw

Shops:
D:12 *   Orc:2 *!:*(   Vaults:1 *

Portals:
Hell: Depths:1
Pandemonium: Orc:2

Annotations:
D:7 3 runed translucent doors, lunkers's ghost, novice DEEE
Lair:1 exclusion: oklob plant
Lair:3 3 runed translucent doors, knot's ghost, adept DsBe
Vaults:3 Bai Suzhen


Innate Abilities, Weirdness & Mutations

Your magical capacity is low. (-10% MP)


Message History

The meliai hits you but does no damage. You block the meliai's attack. x2
The meliai stings you but does no damage.
The meliai hits you but does no damage.
The meliai stings you but does no damage.
A steelbarb worm comes into view.
The meliai hits you but does no damage. You block the meliai's attack.
The meliai barely misses you. You block the meliai's attack.
Being near the torpor snail leaves you feeling lethargic.
The meliai mumbles some strange prayers to its god against you.
Something smites you!
The meliai is struck by lightning.
The meliai hits you but does no damage. You block the meliai's attack.
The meliai calls down the wrath of its god upon you.
Something smites you! The meliai hits you but does no damage.
The meliai stings you but does no damage.
The meliai mumbles some strange prayers to its god against you.
Something smites you!
* * * LOW HITPOINT WARNING * * *
You block the meliai's attack. The meliai stings you.
* * * LOW HITPOINT WARNING * * *
The meliai mumbles some strange prayers to its god against you.
Something smites you!
* * * LOW HITPOINT WARNING * * *
The meliai invokes the aid of its god against you.
Something smites you!
* * * LOW HITPOINT WARNING * * *
You block the meliai's attack.
The meliai stings you but does no damage.
The meliai invokes the aid of its god against you.
Something smites you!
* * * LOW HITPOINT WARNING * * *
The meliai hits you but does no damage.
The meliai stings you but does no damage.
You feel yourself speed up.
The meliai is struck by lightning.
The meliai hits you with a +0 war axe.
* * * LOW HITPOINT WARNING * * *
You block the meliai's attack.
The meliai invokes the aid of its god against you.
Something smites you!
You die...

#.†#.......^# #†.^(.....# .
##........## #..#...)^#.###
<....^.)......#
........)..○..####
..........^..##..#
....#.#.^...##§y.§.###
........###yy.#y@....##
...y^^#...wy§#y°..○...#
...##.....#..#....#.#.###
.........[#^.[^..#......##
.......####^....##..?....##
.........###..^..#........#
.........#.......#.......>#
........##......##.......##
...#.................##.>.#


You could see 3 meliai.

Vanquished Creatures
  Saint Roka (Vaults:1)
  Jorgrun (D:13)
  Rupert (Lair:5)
  A tentacled monstrosity (Swamp:3)
  A lich (Abyss:2)
  A thorn hunter (Swamp:4)
  Donald (Vaults:3)
  4 vault wardens
  A frost giant (Vaults:2)
  3 ghost moths
  An emperor scorpion (Spider:3)
  Louise (Spider:1)
  2 orc warlords
  6 ironbound preservers
  2 very ugly things
  A draconian annihilator (Abyss:2)
  6 ironbound thunderhulks
  A war gargoyle (Vaults:2)
  A broodmother (Spider:1)
  7 eleionomae
  4 entropy weavers
  3 bunyips
  The ghost of HallandMoats the Fighter, a journeyman VSFi of Okawaru (D:15)
  A spark wasp (Spider:2)
  6 dire elephants
  Snorg (D:13)
  2 deep elf death magi
  3 shambling mangroves
  A crystal guardian (Vaults:2)
  8 yaktaur captains
  2 great orbs of eyes
  7 boulder beetles
  2 catoblepae
  2 ogre magi
  2 vault guards
  A peacekeeper (Vaults:2)
  3 centaur warriors
  27 hydras
  A radroach (Spider:2)
  3 demonspawn (Orc:2)
  10 alligators
  5 ironbound frosthearts
  7 two-headed ogres
  2 jorogumos
  2 ghost crabs
  A vampire mage (Vaults:3)
  A deep troll shaman (Lair:6)
  15 death yaks
  2 spriggan berserkers
  3 tengu warriors
  2 thrashing horrors (Abyss:2)
  7 orc high priests (Orc:2)
  Sonja (Orc:1)
  5 skeletal warriors (D:13)
  A sixfirhy (Abyss:2)
  A wretched star (Abyss:2)
  20 deep trolls
  3 spriggan druids
  4 goliath frogs
  3 bog bodies
  3 glowing orange brains
  7 orb spiders
  3 steelbarb worms
  3 wizards
  A harpy (Vaults:1)
  5 ironbound convokers
  9 lindwurms
  13 swamp dragons
  5 deep elf pyromancers (D:13)
  4 deep elf zephyrmancers (D:13)
  6 orc knights
  Pikel (D:6)
  A necromancer (D:15)
  11 orc sorcerers
  10 wolf spiders
  3 will-o-the-wisps
  A manticore (D:15)
  21 ugly things
  5 cyclopes
  12 slime creatures
  2 worldbinders (Abyss:2)
  7 elephants
  2 black mambas
  Maurice (Orc:2)
  A rust devil (Orc:2)
  2 naga magi (D:15)
  2 apocalypse crabs (Abyss:2)
  8 torpor snails
  7 vault sentinels
  13 cane toads
  2 gargoyles
  An unseen horror (D:10)
  2 efreet (D:15)
  10 komodo dragons
  A rime drake (Lair:6)
  16 demonic crawlers
  22 yaktaurs
  3 hellwings
  An ice devil (Orc:2)
  7 trolls
  3 ancient zymes (Abyss:2)
  A tengu conjurer (D:12)
  6 meliai
  7 tyrant leeches
  3 polar bears
  A queen bee (D:9)
  12 tarantellas
  7 hornets
  16 blink frogs
  15 jumping spiders
  A meliai zombie (D:15)
  13 culicivoras
  6 flying skulls (Abyss:2)
  2 shadows
  6 small abominations (Abyss:2)
  3 water elementals (D:14)
  3 wraiths
  2 ynoxinuls
  3 spriggans
  4 wyverns
  3 basilisks
  36 yaks
  A neqoxec (Abyss:2)
  4 vampires
  23 humans (D:13)
  Eustachio (D:6)
  A chaos spawn (Orc:2)
  Edmund (D:4)
  2 large abominations (Abyss:2)
  52 redbacks
  17 vampire mosquitoes
  3 wargs
  10 swamp worms
  An acid dragon (D:10)
  12 water moccasins
  2 hell hounds (Lair:2)
  An ice beast (D:6)
  2 black bears
  41 orc warriors
  A sky beast (D:7)
  A hornet zombie (D:7)
  6 swamp drakes
  10 ogres
  A necrophage (D:4)
  27 wolves
  17 centaurs
  A lemure (D:6)
  A kobold brigand (D:10)
  2 scorpions
  A wyvern zombie (D:8)
  15 bullfrogs
  31 killer bees (D:9)
  6 howler monkeys
  A wight (D:7)
  4 electric eels
  7 centaur zombies
  2 bullfrog skeletons (D:6)
  A gnoll shaman (D:4)
  4 hounds
  20 orc priests
  3 jellies (Lair:6)
  6 centaur skeletons
  2 iguanas
  22 orc wizards
  7 hell rats (Lair:6)
  A hound skeleton (D:5)
  2 howler monkey zombies (D:9)
  10 gnolls
  4 adders
  2 shadow imps (D:10)
  2 white imps
  2 ufetubi
  An adder skeleton (D:4)
  A worm (D:3)
  A dart slug (D:3)
  66 orcs
  11 ball pythons
  11 endoplasms
  A giant cockroach (D:3)
  15 hobgoblins
  7 kobolds
  4 quokkas
  3 bats
  6 frilled lizards
  17 goblins
  5 rats
  A butterfly (Lair:6)
1151 creatures vanquished.

Vanquished Creatures (collateral kills)
  Asterion (Vaults:3)
  A boulder beetle (D:12)
  A hydra (D:12)
  2 two-headed ogres
  An ugly thing (D:12)
  2 centaur zombies (D:11)
  A shadow imp (D:10)
9 creatures vanquished.

Vanquished Creatures (others)
  A very ugly thing (Vaults:2)
  2 dire elephants (Vaults:1)
  2 wizards (Vaults:1)
  A gargoyle (D:13)
  A hornet (Swamp:4)
  A bloated husk (Swamp:1)
  A tarantella (Spider:3)
  A spriggan (Swamp:4)
  A redback (Spider:2)
  12 foxfires
  9 fungi
  28 plants
  2 starspawn tentacles (Abyss:2)
  3 withered plants (D:10)
65 creatures vanquished.

Grand Total: 1225 creatures vanquished

Notes
Turn   | Place    | Note
-------+----------+-------------------------------------------
     0 | D:5      | blackman the Human Delver began the quest for the Orb.
     0 | D:5      | Reached XP level 1. HP: 18/18 MP: 1/1
   483 | D:4      | Reached skill level 1 in Long Blades
   646 | D:2      | Found a faded altar of an unknown god.
   784 | D:2      | Reached XP level 2. HP: 15/24 MP: 2/2
  1097 | D:2      | Prayed at the altar of an unknown god.
  1097 | D:2      | Became a worshipper of Qazlal Stormbringer
  1097 | D:2      | Reached * piety under Qazlal
  1144 | D:2      | Identified the +1 rapier "Uteseodo" {vorpal, rC+ Will+
                  | Int+3 SInv}
  1791 | D:1      | Reached XP level 3. HP: 25/29 MP: 3/3
  2055 | D:1      | Reached ** piety under Qazlal
  3136 | D:3      | Reached XP level 4. HP: 32/35 MP: 4/4
  3671 | D:3      | Noticed an ogre
  4817 | D:3      | Noticed a +0 dagger
  4817 | D:3      | Noticed a +0 hand axe
  4818 | D:3      | Found a hide-covered altar of Uskayaw.
  5107 | D:4      | Noticed Edmund
  5125 | D:4      | Killed Edmund
  5126 | D:4      | Reached skill level 5 in Long Blades
  5126 | D:4      | Reached XP level 5. HP: 18/41 MP: 5/5
  5126 | D:4      | Reached XP level 6. HP: 20/47 MP: 6/6
  5788 | D:4      | Identified the ring of Seuw Cem {rC+ Dex+2}
  5871 | D:4      | Noticed a necrophage
  5885 | D:4      | Killed a necrophage
  6156 | D:5      | Noticed an ogre
  6207 | D:5      | Killed an ogre
  6208 | D:5      | Reached XP level 7. HP: 52/52 MP: 7/7
  7792 | D:5      | You fall into a shaft and drop 1 floor!
  7982 | D:5      | Reached skill level 1 in Invocations
  8226 | D:6      | Reached XP level 8. HP: 54/58 MP: 9/9
  8270 | D:6      | Reached skill level 1 in Shields
  8276 | D:6      | Reached skill level 2 in Invocations
  8586 | D:6      | Found a staircase to the Ecumenical Temple.
  9206 | D:6      | Reached skill level 3 in Invocations
  9558 | D:6      | Noticed Pikel
  9581 | D:6      | Noticed Eustachio
  9589 | D:6      | Killed Eustachio
 10012 | D:6      | Killed Pikel
 10013 | D:6      | Reached skill level 5 in Shields
 10013 | D:6      | Reached skill level 4 in Invocations
 10013 | D:6      | Reached XP level 9. HP: 63/63 MP: 10/12
 10260 | D:7      | Found a runed translucent gate.
 10260 | D:7      | Found a runed translucent gate.
 10267 | D:7      | Reached skill level 5 in Invocations
 10319 | D:7      | Found a bloodstained altar of Trog.
 10375 | D:7      | Reached skill level 6 in Invocations
 10510 | D:7      | Reached skill level 7 in Invocations
 11046 | D:7      | Found a runed translucent gate.
 11048 | D:7      | Noticed lunkers's ghost (novice DEEE)
 11264 | D:8      | Reached skill level 8 in Invocations
 11391 | D:8      | Found a flagged portal.
 11404 | Bailey   | Entered a bailey
 11622 | Bailey   | Reached XP level 10. HP: 70/70 MP: 6/16
 12310 | Bailey   | Reached skill level 10 in Long Blades
 12699 | Bailey   | Noticed an orc warlord
 12724 | Bailey   | Killed an orc warlord
 13011 | Bailey   | Acquired an amulet of faith
 14070 | D:8      | Reached skill level 1 in Armour
 14627 | D:9      | Reached XP level 11. HP: 68/77 MP: 17/17
 14749 | D:9      | Reached skill level 5 in Fighting
 15367 | D:9      | Reached skill level 5 in Armour
 15368 | D:9      | Reached *** piety under Qazlal
 15856 | D:10     | Entered Level 10 of the Dungeon
 16099 | D:10     | Noticed a two-headed ogre
 16106 | D:10     | Killed a two-headed ogre
 16470 | D:10     | Found a staircase to the Orcish Mines.
 16540 | D:10     | Reached XP level 12. HP: 91/92 MP: 18/18
 16577 | D:10     | Reached **** piety under Qazlal
 17547 | D:10     | Reached skill level 9 in Invocations
 18018 | D:11     | Noticed a two-headed ogre
 18024 | D:11     | Killed a two-headed ogre
 18030 | D:11     | Found a staircase to the Lair.
 18092 | D:11     | Found a portal to a secret trove of treasure.
 18336 | D:11     | Noticed an eight-headed hydra
 18345 | D:11     | Killed a six-headed hydra
 18346 | D:11     | Reached skill level 10 in Fighting
 18615 | D:12     | Reached skill level 10 in Invocations
 18628 | D:12     | Noticed a six-headed hydra
 18628 | D:12     | Noticed a boulder beetle
 18641 | D:12     | Killed a six-headed hydra
 18645 | D:12     | Killed a boulder beetle
 18646 | D:12     | Noticed a tengu warrior
 18653 | D:12     | Killed a tengu warrior
 18654 | D:12     | Reached XP level 13. HP: 100/104 MP: 7/21
 18680 | D:11     | Reached skill level 11 in Invocations
 19052 | D:12     | Found Ladoune's Neck Hole.
 19348 | D:13     | Noticed Snorg
 19407 | Lair:1   | Entered Level 1 of the Lair of Beasts
 19584 | Lair:1   | Identified the +5 long sword of Pestilence {antimagic,
                  | Dex+4}
 20604 | Lair:1   | Reached skill level 12 in Invocations
 22254 | Lair:3   | Noticed an eight-headed hydra
 22261 | Lair:3   | Killed a seven-headed hydra
 22485 | Lair:3   | Noticed a four-headed hydra
 22486 | Lair:3   | Found a runed translucent gate.
 22487 | Lair:3   | Found a runed translucent gate.
 22488 | Lair:3   | Noticed knot's ghost (adept DsBe)
 22488 | Lair:3   | Found a runed translucent gate.
 22490 | Lair:3   | Noticed a six-headed hydra
 22491 | Lair:3   | Noticed a seven-headed hydra
 22493 | Lair:3   | Killed a one-headed hydra
 23382 | Lair:3   | Reached XP level 14. HP: 101/113 MP: 19/23
 23865 | D:11     | You paid a toll of 7 scrolls of fog to enter a treasure
                  | trove
 23866 | Trove    | Entered a treasure trove
 23906 | Trove    | Got Sif Muna's Handbook of Confrontation and the Arsonist
 23938 | Trove    | Acquired 588 gold pieces
 24142 | Lair:4   | Reached skill level 13 in Invocations
 24807 | Lair:4   | Reached skill level 14 in Invocations
 24940 | Lair:4   | Found a hole to the Spider Nest.
 25566 | Lair:4   | Found a staircase to the Swamp.
 25761 | Lair:5   | Noticed Rupert
 25781 | Lair:5   | Killed Rupert
 25782 | Lair:5   | Reached skill level 15 in Invocations
 26625 | Lair:5   | Found a snail-covered altar of Cheibriados.
 27033 | Lair:6   | Entered Level 6 of the Lair of Beasts
 27132 | Lair:6   | Found a staircase to the Slime Pits.
 27476 | Lair:6   | Reached XP level 15. HP: 118/118 MP: 26/26
 28287 | Lair:6   | Reached skill level 10 in Armour
 29419 | D:13     | Killed Snorg
 29928 | D:13     | Reached skill level 10 in Shields
 30519 | D:13     | Found a gate to the Vaults.
 30606 | D:13     | Noticed Jorgrun
 30630 | D:13     | Killed Jorgrun
 32119 | D:14     | Reached XP level 16. HP: 125/125 MP: 27/27
 32316 | D:14     | Reached skill level 15 in Long Blades
 32703 | D:14     | Acquired the +4 double sword of the Two Names {flame, rElec
                  | Str+4 Dex-2}
 33011 | D:15     | Entered Level 15 of the Dungeon
 33930 | D:15     | Found a runed translucent gate.
 33931 | D:15     | Found a runed translucent gate.
 33931 | D:15     | Found a runed translucent gate.
 33931 | D:15     | Noticed HallandMoats's ghost (journeyman VSFi)
 33945 | D:15     | Killed HallandMoats's ghost
 34635 | D:15     | Found a staircase to the Depths.
 35120 | Orc:1    | Entered Level 1 of the Orcish Mines
 35128 | Orc:1    | Paralysed by an orc sorcerer for 7 turns
 35412 | Orc:2    | Entered Level 2 of the Orcish Mines
 35412 | Orc:2    | Noticed Maurice
 35414 | Orc:2    | Killed Maurice
 35621 | Orc:2    | Found Mobbul's General Store.
 35622 | Orc:2    | Found Adgha's Distillery.
 35675 | Orc:2    | Reached ***** piety under Qazlal
 35709 | Orc:2    | Reached XP level 17. HP: 131/131 MP: 28/28
 35729 | Orc:2    | Bought a potion of heal wounds for 85 gold pieces
 35729 | Orc:2    | Bought a potion of heal wounds for 85 gold pieces
 36134 | Orc:2    | Found a staircase to the Elven Halls.
 36137 | Orc:2    | Found Uremuij's Overcharged Wands.
 37056 | Orc:2    | Found Oxosmaets's Antique Weapon Emporium.
 37056 | Orc:2    | Found Haiqeb's Book Shoppe.
 37057 | Orc:2    | Found a one-way gate leading to the halls of Pandemonium.
 37171 | Orc:1    | Noticed Sonja
 37181 | Orc:1    | Killed Sonja
 37518 | D:10     | Upgraded the game from 0.29-a0-72-g1732ff48e7 to
                  | 0.29-a0-82-g837932c90e
 38099 | Depths:1 | Entered Level 1 of the Depths
 38099 | Depths:1 | Found a gateway to Hell.
 38310 | Swamp:1  | Entered Level 1 of the Swamp
 42137 | Swamp:3  | Noticed a tentacled monstrosity
 42146 | Swamp:3  | Killed a tentacled monstrosity
 42799 | Swamp:4  | Entered Level 4 of the Swamp
 42853 | Swamp:4  | Reached XP level 18. HP: 145/145 MP: 29/29
 43544 | Swamp:4  | Reached skill level 16 in Invocations
 44295 | Swamp:4  | Got a decaying rune of Zot
 45115 | Vaults:1 | Entered Level 1 of the Vaults
 45144 | Vaults:1 | Found Enick's Assorted Antiques.
 45252 | D:13     | Reached skill level 17 in Invocations
 46633 | Vaults:1 | Noticed Saint Roka
 47272 | Vaults:1 | Reached skill level 18 in Invocations
 47476 | Vaults:1 | Reached XP level 19. HP: 151/151 MP: 29/32
 49412 | Vaults:2 | Reached skill level 5 in Dodging
 50252 | Vaults:2 | Cast into level 2 of the Abyss (a wizard)
 50342 | Abyss:2  | Paralysed by accursed screaming for 1 turns
 50594 | Abyss:2  | Noticed a lich
 50607 | Abyss:2  | Killed a lich
 50686 | Abyss:2  | Noticed a bone dragon
 50850 | Abyss:2  | Gained mutation: Your magical capacity is low. (-10% MP) [a
                  | neqoxec]
 50872 | Vaults:2 | Escaped the Abyss
 51820 | Vaults:3 | Noticed Bai Suzhen
 52497 | Vaults:3 | Noticed Asterion
 52508 | Vaults:3 | Killed Asterion
 52972 | Vaults:3 | Found a staircase to the Crypt.
 53157 | Vaults:3 | Identified the +1 kite shield of Supple Strength {rElec
                  | rPois SInv}
 53157 | Vaults:3 | Noticed Donald
 53185 | Vaults:3 | Reached skill level 10 in Dodging
 53199 | Vaults:3 | Killed Donald
 53427 | Vaults:3 | Reached XP level 20. HP: 111/158 MP: 29/29
 53813 | Vaults:1 | Killed Saint Roka
 54133 | Spider:1 | Entered Level 1 of the Spider Nest
 56058 | Spider:2 | Noticed Louise
 56164 | Spider:1 | Cast into level 2 of the Abyss (Louise)
 56252 | Spider:1 | Escaped the Abyss
 56258 | Spider:1 | Killed Louise
 56888 | Spider:1 | Reached skill level 15 in Fighting
 58817 | Spider:2 | Reached skill level 1 in Spellcasting
 60679 | Spider:3 | Reached skill level 19 in Invocations
 60958 | Spider:3 | HP: 6/162 [meliai/divine providence (12)]
 60959 | Spider:3 | Killed from afar by a meliai

Illustrated notes

Levels and vault maps discovered:
D:1:      dpeg_arrival_connections, layout_basic, serial_bayou_crossing
D:2:      layout_basic, hellmonk_ecumenical_altar_pennies_from_heaven,
          minmay_pentomino_s2
D:3:      minmay_general_purpose_star, layout_basic, dancing_weapons_uskayaw
D:4:      layout_basic, nicolae_ossuary_entry_plus, minivault_19,
          minmay_misc_feat_rugged, dk_noncrumbling_4, minivault_14, uniq_edmund
D:5:      layout_cave_pools, nicolae_figureground_pulse
D:6:      layout_loops_ring, minmay_temple_entry_antechambers, uniq_maggie,
          uniq_pikel, uniq_eustachio
D:7:      layout_rooms, mainiacjoe_overflow_brackets, ebering_ghost_rock_garden,
          minivault_25, minmay_diced_spiral
D:8:      layout_gridville, enter_bailey_5
D:9:      layout_roguey [special_room_bee]
D:10:     cheibrodos_grave_circle, layout_stronghold, david_orc_3,
          minmay_misc_feat_square, minivault_21
D:11:     layout_gridville, lair_entry_dummy, nicolae_trove_entry_crossroad,
          statue_in_the_mist_lemuel, grunt_ministairs_11, minivault_16
D:12:     layout_cave_pools, nicolae_shop_sticking_my_neck_out
D:13:     layout_loops_ring, grunt_vaults_entry_tiered,
          portal_ice_cave_entry_pillars_2, elves_outpost_lemuel, uniq_snorg,
          uniq_jorgrun
D:14:     argonaut_augean_stables, layout_basic, chequers_serial_rivers_small_b
D:15:     grunt_enter_depths_magical_seal, layout_layer_cave,
          gammafunk_ghost_hydra_chop, grunt_decor_junction,
          einodemon_crawler_minivault
Lair:1:   layout_long_grid, chequers_serial_rivers_small_3,
          minmay_lair_oklob_bushes, lemuel_fruit_tree
Lair:2:   layout_regular_city, enter_volcano_3
Lair:3:   layout_regular_city, gammafunk_ghost_split
Lair:4:   layout_loops_ring, minmay_swamp_entry_worms, spider_nest_entry_a,
          cheibrodos_lair_caveside_slide, serial_bayou_shore_a,
          grunt_megastairs_5
Lair:5:   layout_regular_city, columned_hall_lemuel, st_stairs_4,
          kennysheep_snail_temple, uniq_rupert
Lair:6:   grunt_lair_end_beastmaster, layout_regular_city,
          nicolae_slime_entry_slimehenge, minmay_lindwurm_lava,
          lemuel_fruit_fields, serial_bayou_shore_b, serial_bayou_shore_b
Swamp:1:  layout_basic_swamp, evilmike_swamp_ruin_house_2, swamp_pool2
Swamp:2:  nicolae_swamp_wrong_neighborhood, layout_falls_marsh,
          evilmike_swamp_ruin_house_3
Swamp:3:  layout_basic_swamp, evilmike_swamp_ruin_rubble_1, swamp_pool1
Swamp:4:  swamp_basic_johnstein, layout_basic_swamp
Spider:1: layout_cave_pods, nicolae_crawler_farm
Spider:2: layout_spider_delve, guppyfry_spider_mini_3, uniq_louise
Spider:3: layout_spider_delve, hangedman_spider_tarantella_strand
Orc:1:    layout_caves, minmay_orc_keep, uniq_sonja
Orc:2:    pf_orc_diabolical, layout_caves, nicolae_shop_overcharged_wands,
          uniq_maurice
Vaults:1: v_misc_11, v_alt_pattern_4, v_misc_27, v_alt_pattern_2,
          hangedman_vaults_stream, v_misc_23, nicolae_vaults_asterisk,
          hangedman_vaults_trim, dpeg_vaults_monster_box, vaults_dpeg_ring,
          layout_vaults_big_room, serial_shops, nicolae_shop_overgrown_old_shop,
          uniq_saint_roka
Vaults:2: vaults_room_door_ring, nicolae_vaults_shelves_hall, v_misc_33,
          vaults_dpeg_diagonal, nicolae_vaults_branching_niches,
          layout_vaults_omnigrid, uniq_margery
Vaults:3: v_misc_26, ontoclasm_vaults_eye, nicolae_vaults_ring_of_whatevers,
          nicolae_vaults_alarming, vaults_dpeg_spiral, v_misc_12,
          nicolae_vaults_bisected_inception, minmay_crypt_entry_vampire_xt,
          nicolae_vaults_rhombus_6, vaults_dpeg_encased_lava, v_misc_30,
          ontoclasm_vaults_twist, v_misc_11, layout_vaults_maze, serial_shops,
          shop, uniq_bai_suzhen, uniq_asterion, uniq_donald, uniq_mennas
Depths:1: layout_gridlike, enter_ziggurat_b, fountainhead, hell_entry,
          serial_shops, shop, nicolae_shop_advertising_works
          [nicolae_subvault_shop_adworks], nicolae_lakefront_shop,
          nicolae_shop_trees, chequers_serial_rivers_small_b,
          minmay_alternating_orb

Skill      XL: |  1  2  3  4  5  6  7  8  9 10 11 12 13 14 15 16 17 18 19 20 |
---------------+-------------------------------------------------------------+-----
Long Blades    | 1 2 3 5 6 7 8 11 13 14 16 | 16.1
Invocations    | 1 4 8 10 12 15 18 19 | 19.1
Shields        | 5 7 10 13 | 13.7
Armour         | 2 7 8 9 10 12 14 | 14.3
Fighting       | 4 8 10 11 13 15 | 15.3
Dodging        | 10 11 | 11.0
Spellcasting   | 2 |  2.9
Axes           | |  2.0
Stealth        | |  5.0

Action                   |  1- 3 |  4- 6 |  7- 9 | 10-12 | 13-15 | 16-18 | 19-21 || total
-------------------------+-------+-------+-------+-------+-------+-------+-------++-------
Melee: Scimitar          |   109 |    75 |   169 |   365 |   883 |    98 |       ||  1699
       Long sword        |       |       |    41 |   107 |       |       |       ||   148
       Double sword      |       |       |       |       |       |  1057 |  1096 ||  2153
 Fire: Shortbow          |     2 |    12 |     1 |       |       |       |       ||    15
       Hunting sling     |       |       |       |       |    40 |    75 |       ||   115
Throw: Dart              |       |    15 |     3 |     1 |       |       |       ||    19
       Stone             |       |       |     2 |       |       |       |       ||     2
       Throwing net      |       |       |       |     1 |       |       |     1 ||     2
Invok: Upheaval          |       |       |     6 |    11 |    30 |    55 |    15 ||   117
       Elemental Force   |       |       |       |     5 |     3 |     1 |     2 ||    11
Evoke: Wand              |       |     2 |     8 |    16 |     2 |     2 |     9 ||    39
  Use: Potion            |     1 |     1 |     1 |     1 |     1 |     3 |    15 ||    23
       Scroll            |     1 |       |     3 |     4 |    15 |    16 |    14 ||    53
 Stab: Sleeping          |     1 |       |       |       |       |       |       ||     1
       Paralysed         |       |       |       |     3 |     1 |       |       ||     4
       Petrified         |       |       |       |       |     7 |       |       ||     7
       Petrifying        |       |       |       |       |     1 |       |       ||     1
       Invisible         |       |       |       |       |       |     1 |     3 ||     4
       Distracted        |       |       |       |       |       |       |     1 ||     1
Armor: Ring mail         |    38 |    31 |    30 |       |       |       |       ||    99
       Leather armour    |     1 |       |       |       |       |       |       ||     1
       Scale mail        |       |       |    48 |     1 |       |       |       ||    49
       Crystal plate arm |       |       |       |   328 |   418 |   584 |   743 ||  2073
       Plate armour      |       |       |       |    29 |       |       |       ||    29
Dodge: Dodged            |    75 |    45 |    97 |    72 |    69 |   164 |   246 ||   768
       Repelled          |       |       |       |       |       |     3 |     3 ||     6
Block: Other             |     7 |    11 |     3 |       |       |       |       ||    21
       Buckler           |       |       |    92 |    74 |       |       |       ||   166
       Kite shield       |       |       |       |   387 |   660 |  1153 |  1299 ||  3499

Table legend: (Time is in decaauts)
 A = Elapsed time spent in this place.
 B = Non-inter-level travel time spent in this place.
 C = Inter-level travel time spent in this place.
 D = Time resting spent in this place.
 E = Time spent auto-exploring this place.
 F = Levels seen in this place.
 G = Mean time per level.
                   A        B        C        D        E       F      G
               +--------+--------+--------+--------+--------+-----+--------+
         Total |  60532 |  56422 |   4110 |  21603 |  24241 |  38 | 1592.9 |
       Dungeon |  25026 |  22928 |   2098 |   8662 |  10056 |  15 | 1668.4 |
          Lair |  10456 |   9322 |   1134 |   2074 |   5838 |   6 | 1742.7 |
         Swamp |   6318 |   6080 |    238 |   2885 |   2344 |   4 | 1579.5 |
   Spider Nest |   6520 |   6406 |    114 |   3732 |   1614 |   3 | 2173.3 |
  Orcish Mines |   2340 |   2198 |    142 |    373 |   1313 |   2 | 1170.0 |
        Vaults |   7387 |   7006 |    381 |   2804 |   2723 |   3 | 2462.3 |
        Depths |      1 |      1 |      0 |      0 |      0 |   1 |    1.0 |
         Abyss |    630 |    630 |      0 |     25 |     67 |   2 |  315.0 |
         Trove |     86 |     86 |      0 |      0 |      0 |   1 |   86.0 |
        Bailey |   1764 |   1764 |      0 |   1045 |    286 |   1 | 1764.0 |
               +--------+--------+--------+--------+--------+-----+--------+

Top non-repeatable levels by time:
    D:13: 3555 daAuts
Spider:2: 3472 daAuts
Vaults:1: 2990 daAuts
     D:4: 2959 daAuts
Spider:1: 2720 daAuts
Vaults:2: 2643 daAuts
     D:2: 2469 daAuts
     D:6: 2128 daAuts
    D:15: 2109 daAuts
    D:10: 2107 daAuts
 Swamp:2: 2053 daAuts
  Lair:6: 1967 daAuts
  Lair:4: 1875 daAuts
  Lair:3: 1776 daAuts
  Bailey: 1764 daAuts
